 Dungeon Crawl Stone Soup version 0.21-a0-94-gdd6ab6a (webtiles) character file.

90252 Duffy the Severer (level 16, -8/166 HPs)
             Began as a Gargoyle Berserker on July 1, 2017.
             Was the Champion of Trog.
             Killed from afar by a crystal guardian (38 damage)
             ... with a crystal bolt
             ... on level 14 of the Dungeon on July 2, 2017.
             The game lasted 00:35:53 (28487 turns).

Duffy the Severer (Gargoyle Berserker)             Turns: 28487, Time: 00:35:54

Health: -8/166     AC: 43    Str: 33    XL:     16   Next: 0%
Magic:  23/23      EV:  9    Int:  8    God:    Trog [******]
Gold:   1049       SH:  0    Dex:  9    Spells: 15/15 levels left

rFire    . . .     SeeInvis +   a - +1 broad axe (elec)
rCold    + . .     Gourm    +   (no shield)
rNeg     + . .     Faith    .   B - +4 plate armour
rPois    ∞         Spirit   .   q - +1 helmet
rElec    +         Reflect  .   G - scarf {repulsion}
rCorr    .         Harm     .   s - +0 pair of gloves
MR       ++...                  x - +2 pair of boots {Stlth+}
Stlth    ..........             k - amulet of the gourmand
HPRegen  0.37/turn              M - ring of see invisible
MPRegen  0.18/turn              O - ring of Bidybeov {AC+3 Stlth+}

@: berserking, flying, repel missiles, very quick
A: big wings, icy blue scales 1, cold resistance 1, magic resistance 1, negative
energy resistance 1, robust 1, electricity resistance, unbreathing,
petrification resistance, rot immunity, subdued magic 1, AC +11
a: Stop Flying, Berserk, Trog's Hand, Brothers in Arms, Burn Spellbooks,
Renounce Religion


You were on level 14 of the Dungeon.
You worshipped Trog.
Trog was exalted by your worship.
You were not hungry.

You visited 3 branches of the dungeon, and saw 22 of its levels.
You also visited: Labyrinth and Sewer.

You collected 2476 gold pieces.
You spent 1427 gold pieces at shops.

Inventory:

Hand Weapons
 a - a +1 broad axe of electrocution (weapon)
 b - a +3 war axe of flaming
 u - a +0 blowgun
Missiles
 S - 10 curare-tipped needles
 W - 2 throwing nets (quivered)
Armour
 q - a +1 helmet (worn)
 s - a +0 pair of gloves (worn)
 x - a +2 pair of boots of stealth (worn)
 B - a +4 plate armour (worn)
 G - a scarf of repulsion (worn)
Jewellery
 k - an amulet of the gourmand (around neck)
 y - an uncursed ring of protection from fire
 M - a ring of see invisible (left hand)
 O - the ring of Bidybeov (right hand) {AC+3 Stlth+}
   (You found it in a labyrinth)

   [ring of protection]

   It affects your AC (+3).
   It makes you more stealthy.
Wands
 m - a wand of paralysis (6/24)
 n - a wand of iceblast (6/15)
 I - a wand of polymorph (7/24)
 P - a wand of paralysis (7/24)
 R - a wand of acid (5/15)
Scrolls
 d - 12 scrolls of remove curse
 f - 3 scrolls of recharging
 i - 5 scrolls of immolation
 w - 6 scrolls of blinking
 C - 3 scrolls of enchant armour
 H - a scroll of fog
 Q - 4 scrolls of enchant weapon
 V - 5 scrolls of teleportation
 X - 2 scrolls of magic mapping
 Y - 7 scrolls of identify
 Z - a scroll of brand weapon
Potions
 e - 7 potions of might
 g - 5 potions of mutation
 h - 19 potions of curing
 j - a potion of resistance
 l - 4 potions of invisibility
 p - a potion of berserk rage
 r - 7 potions of agility
 v - 12 potions of heal wounds
 z - 3 potions of brilliance
 D - 4 potions of haste
 E - 4 potions of ambrosia
 F - a potion of cancellation
Miscellaneous
 o - a lightning rod (4/4)
 K - a phial of floods
 U - a phantom mirror
Comestibles
 c - 10 meat rations
 t - 12 bread rations
 J - 14 fruits
 T - 2 royal jellies


   Skills:
 - Level 12.0 Fighting
 - Level 18.0 Axes
 - Level 12.5 Armour
 - Level 1.5 Dodging
 + Level 10.4 Evocations


You had 15 spell levels left.
You didn't know any spells.

Dungeon Overview and Level Annotations

Branches:
Dungeon (14/15)            Temple (0/1) D:4            Lair (6/6) D:11
 Shoals (0/4) Lair:2        Snake (0/4) Lair:4        Slime (0/5) Lair:5
    Orc (2/2) D:11            Elf (0/3) Orc:2        Vaults (0/5) D:14

Altars:
Cheibriados
Dithmenos
Elyvilon
Kikubaaqudgha
Makhleb
Nemelex Xobeh
Okawaru
Ru
Uskayaw
Vehumet
Wu Jian
Xom
Zin
The Shining One

Shops:
D:4 (   D:7 *   D:9 *   D:14 (   Orc:1 !   Orc:2 :((}


Innate Abilities, Weirdness & Mutations

You are resistant to torment.
Your stone body is resilient. (AC +11)
You are immune to poison.
Your large and strong wings let you fly indefinitely.
You resist negative energy. (rN+)
You are resistant to electric shocks. (rElec)
You can survive without breathing.
You are immune to petrification.
You are immune to rotting.
You are partially covered in icy blue scales. (AC +2)
Your flesh is cold resistant. (rC+)
You are resistant to hostile enchantments. (MR+)
You are robust. (+10% HP)
Your spells are a little easier to cast, but a little less powerful.


Message History

Lightning courses through the centaur warrior zombie!
You destroy the centaur warrior zombie!
Trog accepts your kill.
You have reached level 16!
You feel stronger.
The crystal guardian fires a crystalline bolt at you.
The crystal bolt misses you. The crystal guardian barely misses you.
You slash the crystal guardian!
The crystal guardian is heavily damaged.
You slash the crystal guardian!
The crystal guardian is severely damaged.
The crystal guardian fires a crystalline bolt at you.
The crystal bolt freezes you!
You hit the crystal guardian but do no damage. x2
You slice the crystal guardian!!
The crystal guardian is heavily damaged.
You hit the crystal guardian but do no damage.
The crystal guardian fires a crystalline bolt at you.
The crystal bolt burns you!
You die...

....# ###.#.######...#
#...# ....#
#~~~~~~~~~~~~~.# #...#
....# #~###########~.#
#...# ....#
#~#......)..#~.# #...#
....# #~#...|....$#~.#
#...# ....#
#~#.}...$..%#~.# #...#
....# #~#......$=.#~.#
#...# ....#
#~#.}.(.):|.#~.# #...#
....# #~#.$$.@.$).#~.#
#...# ....#
#~#.)|.88%.$#~.# #...#
....# #~#....$%.!.#~.#
#...#
....######~#.=.?.....#~.#
#...#
..........~#####'#####~.#
#...#
..........~#####~#####~.#
#...#
###..####.~~~~~~~~~~~~~.#
#...# #..#
###..########...# #...#
#..# #.............#
#...#


You could see 2 crystal guardians.

Vanquished Creatures
  An orc warlord (Orc:1)
  Azrael (D:13)
  Snorg (Lair:6)
  Josephine (Lair:6)
  Fannar (Lair:1)
  Erolcha (D:13)
  A two-headed ogre (D:12)
  4 hydras
  A death knight (D:14)
  2 centaur warriors (D:13)
  2 dancing weapons (D:14)
  5 orc high priests (Orc:2)
  2 skeletal warriors
  5 unseen horrors
  An orange crystal statue (D:14)
  5 orc knights (Orc:2)
  A manticore (D:12)
  A wolf spider zombie (D:14)
  17 ugly things
  2 orc sorcerers (Orc:2)
  3 cyclopes
  Maurice (D:13)
  2 merfolk sirens (Lair:2)
  Psyche (D:12)
  6 black mambas
  A centaur skeleton (D:10)
  12 elephants
  4 rime drakes
  A gargoyle (D:14)
  2 kobold demonologists
  5 spiny frogs
  2 freezing wraiths (D:14)
  5 komodo dragons
  9 trolls
  A jumping spider (shapeshifter) (D:10)
  3 polar bears (Lair:6)
  2 merfolk (Lair:2)
  4 hornets (Lair:6)
  A wolf spider simulacrum (D:14)
  19 blink frogs
  2 minotaur zombies (Lab)
  Grinder (D:4)
  10 dream sheep
  Sigmund (D:2)
  10 hippogriffs
  A shadow (D:13)
  16 spriggans (Lair:6)
  3 wyverns
  2 fire elementals (D:13)
  4 wraiths
  50 yaks
  2 basilisks
  2 hungry ghosts
  4 wargs
  Edmund (D:4)
  2 hell hounds (D:13)
  8 porcupines
  9 water moccasins
  3 ice beasts
  32 orc warriors
  4 black bears
  A necrophage (D:13)
  22 wolves
  A tengu (D:11)
  3 boggarts (Lair:6)
  3 sky beasts
  2 phantoms
  19 ogres
  3 centaurs
  12 crocodiles
  10 big kobolds
  23 bullfrogs
  A wyvern zombie (D:14)
  11 killer bees
  21 wights
  6 howler monkeys (D:11)
  6 crimson imps
  5 centaur zombies
  A bullfrog zombie (D:9)
  A quasit (D:13)
  2 jellies
  6 hounds
  14 orc wizards
  4 bullfrog skeletons
  An iron imp (D:7)
  40 orc priests
  Jessica (D:2)
  9 worker ants
  Natasha (D:2)
  3 iguanas
  A killer bee zombie (D:10)
  A hound zombie (D:5)
  A howler monkey skeleton (D:10)
  A worker ant zombie (D:7)
  13 gnolls
  19 adders
  10 river rats (Sewer)
  3 shadow imps
  2 oozes
  4 adder skeletons
  3 worms
  4 dart slugs
  4 leopard geckos
  87 orcs
  6 giant cockroaches
  10 goblins
  6 hobgoblins
  5 jackals
  51 kobolds
  3 quokkas
  6 ball pythons
  8 bats
  5 frilled lizards
  2 jackal skeletons
  A quokka skeleton (D:5)
  22 rats
  3 fungi
  2 plants (D:14)
  2 withered plants (D:8)
823 creatures vanquished.

Vanquished Creatures (collateral kills)
  A minotaur (Lab)
  A hydra (D:11)
  The ghost of anet the Jinx, a journeyman DEWz of Ashenzari (Lair:3)
  A deep elf knight (D:10)
  2 orc knights (Orc:2)
  6 elephants (Lair:6)
  2 hippogriffs (Lair:3)
  A water moccasin (Lair:1)
  An orc warrior (Orc:2)
  2 crocodiles
  An orc priest (Orc:2)
19 creatures vanquished.

Vanquished Creatures (others)
  A komodo dragon (D:14)
  3 fungi
  5 plants (D:11)
9 creatures vanquished.

Grand Total: 851 creatures vanquished

Notes
Turn   | Place    | Note
-------+----------+-------------------------------------------
     0 | D:1      | Duffy the Gargoyle Berserker began the quest for the Orb.
     0 | D:1      | Reached XP level 1. HP: 14/14 MP: 1/1
   172 | D:1      | Reached skill level 3 in Axes
   175 | D:1      | Reached XP level 2. HP: 13/19 MP: 2/2
   596 | D:1      | Reached XP level 3. HP: 18/23 MP: 3/3
  1085 | D:2      | Reached skill level 4 in Axes
  1241 | D:2      | Reached ** piety under Trog
  1524 | D:2      | Found a hide-covered altar of Uskayaw.
  1613 | D:2      | Noticed Sigmund
  1621 | D:2      | Reached XP level 4. HP: 17/28 MP: 4/4
  1626 | D:2      | Killed Sigmund
  1626 | D:2      | Reached skill level 6 in Axes
  1626 | D:2      | Reached XP level 5. HP: 18/32 MP: 5/5
  1626 | D:2      | Reached XP level 6. HP: 20/37 MP: 6/6
  1943 | D:2      | Noticed Jessica
  1946 | D:2      | Killed Jessica
  2454 | D:2      | Noticed Natasha
  2457 | D:2      | Killed Natasha
  2934 | D:3      | Found a sparkling altar of Nemelex Xobeh.
  3109 | D:3      | Found a burning altar of Makhleb.
  3167 | D:3      | Reached skill level 7 in Axes
  3167 | D:3      | Reached XP level 7. HP: 41/41 MP: 7/7
  3352 | D:3      | Found a glowing silver altar of Zin.
  3379 | D:4      | Found a staircase to the Ecumenical Temple.
  3402 | D:4      | Reached *** piety under Trog
  3470 | D:4      | Found an iron altar of Okawaru.
  3485 | D:4      | Found Kegij's Weapon Shop.
  3493 | D:4      | Noticed Edmund
  3522 | D:4      | Killed Edmund
  3709 | D:4      | Noticed Grinder
  3712 | D:4      | Reached skill level 8 in Axes
  3719 | D:4      | Killed Grinder
  3719 | D:4      | Reached XP level 8. HP: 34/46 MP: 8/8
  4006 | D:4      | Found a shadowy altar of Dithmenos.
  4099 | D:4      | Reached skill level 9 in Axes
  4217 | D:4      | Found a shimmering altar of Xom.
  4376 | D:5      | Entered Level 5 of the Dungeon
  4795 | D:5      | Reached skill level 10 in Axes
  4844 | D:5      | Found a radiant altar of Vehumet.
  5176 | D:5      | Reached **** piety under Trog
  5296 | D:6      | Found a glowing drain.
  5315 | D:6      | Gained mutation: Your flesh is cold resistant. (rC+) [mutagenic meat]
  5316 | D:6      | Gained mutation: You are dopey. (Int -2) [mutagenic meat]
  5318 | D:6      | Lost mutation: You are dopey. (Int -2) [mutagenic meat]
  5319 | D:6      | Gained mutation: You are resistant to hostile enchantments. (MR+) [mutagenic meat]
  5320 | D:6      | Gained mutation: Your spells are a little easier to cast, but a little less powerful. [mutagenic meat]
  5332 | Sewer    | Entered a sewer
  5379 | Sewer    | Reached XP level 9. HP: 50/51 MP: 9/9
  5786 | Sewer    | Reached ***** piety under Trog
  6041 | D:6      | Found a radiant altar of Vehumet.
  6203 | D:6      | Reached skill level 11 in Axes
  6205 | D:6      | Found a white marble altar of Elyvilon.
  6329 | D:6      | Found an ornate altar of the Wu Jian Council.
  6518 | D:7      | Found a snail-covered altar of Cheibriados.
  6567 | D:7      | Found Johes's Assorted Antiques.
  6651 | D:7      | Bought a scroll of identify for 56 gold pieces
  6651 | D:7      | Bought a scroll of identify for 56 gold pieces
  6651 | D:7      | Bought a scroll labeled JUYKKI ENOESAGE for 28 gold pieces
  6651 | D:7      | Bought a scroll labeled RUOSTR PIMEWN for 28 gold pieces
  6651 | D:7      | Bought a fizzy blue potion for 25 gold pieces
  6961 | D:7      | Received a gift from Trog
  7463 | D:8      | Reached skill level 12 in Axes
  7718 | D:8      | Found a sacrificial altar of Ru.
  7785 | D:8      | Found a glowing golden altar of the Shining One.
  7827 | D:8      | Identified 2 scrolls of acquirement
  7880 | D:8      | Found an ancient bone altar of Kikubaaqudgha.
  7886 | D:8      | Reached XP level 10. HP: 56/56 MP: 10/10
  8176 | D:9      | Noticed a cyan ugly thing
  8177 | D:9      | Found Citelo Ubra's Assorted Antiques.
  8191 | D:9      | Killed a cyan ugly thing
  8191 | D:9      | Reached skill level 13 in Axes
  8269 | D:9      | Bought a scroll of identify for 62 gold pieces
  8409 | D:9      | Found an ornate altar of the Wu Jian Council.
  9388 | D:10     | Entered Level 10 of the Dungeon
  9808 | D:10     | Noticed a kobold demonologist
  9816 | D:10     | Killed a kobold demonologist
  9816 | D:10     | Reached skill level 14 in Axes
  9862 | D:10     | Noticed a deep elf knight
 10132 | D:10     | Noticed a skeletal warrior
 10163 | D:10     | Killed a skeletal warrior
 10163 | D:10     | Reached XP level 11. HP: 60/60 MP: 11/11
 10229 | D:10     | Killed a deep elf knight
 10273 | D:10     | Received a gift from Trog
 10716 | D:11     | Found a labyrinth entrance.
 10736 | D:11     | Noticed Sonja
 10739 | Lab      | Entered a labyrinth
 10894 | Lab      | Noticed a minotaur
 10907 | Lab      | Killed a minotaur
 10907 | Lab      | Reached skill level 5 in Fighting
 10954 | Lab      | Identified the Collected Works on Feathers
 10955 | Lab      | Got a heavily runed silver ring
 11242 | Lab      | Identified the ring of Bidybeov {AC+3 Stlth+} (You found it in a labyrinth)
 11353 | D:11     | Noticed Sonja
 11353 | D:11     | Sonja changed into Sonja the tengu
 11369 | D:11     | Killed Sonja the tengu
 11417 | D:11     | Noticed a cyclops
 11428 | D:11     | Killed a cyclops
 11428 | D:11     | Reached skill level 5 in Armour
 11643 | D:11     | Found a staircase to the Orcish Mines.
 11829 | D:11     | Reached ****** piety under Trog
 12099 | D:11     | Found a staircase to the Lair.
 12149 | D:11     | Received a gift from Trog
 12325 | D:11     | Reached XP level 12. HP: 53/72 MP: 12/12
 12355 | D:11     | Noticed a two-headed hydra
 12896 | D:11     | Killed a ten-headed hydra
 13096 | Lair:1   | Entered Level 1 of the Lair of Beasts
 13161 | Lair:1   | Noticed Fannar
 13181 | Lair:1   | Killed Fannar
 14183 | Lair:2   | Noticed a six-headed hydra
 14213 | Lair:2   | Killed a two-headed hydra
 14334 | Lair:2   | Reached skill level 10 in Fighting
 14359 | Lair:2   | Found a staircase to the Shoals.
 14394 | Lair:2   | Reached skill level 10 in Armour
 15442 | Lair:3   | Noticed anet's ghost (journeyman DEWz)
 15450 | Lair:3   | Killed anet's ghost
 15491 | Lair:3   | Reached XP level 13. HP: 68/84 MP: 13/13
 16747 | Lair:4   | Received a gift from Trog
 16917 | Lair:4   | Found a staircase to the Snake Pit.
 17687 | Lair:5   | Found a staircase to the Slime Pits.
 18260 | Lair:5   | You fall through a shaft!
 18260 | Lair:6   | Entered Level 6 of the Lair of Beasts
 18321 | Lair:6   | Reached skill level 1 in Evocations
 18422 | Lair:6   | Reached skill level 5 in Evocations
 19377 | Lair:6   | Noticed Snorg
 19386 | Lair:6   | Received a gift from Trog
 19395 | Lair:6   | Killed Snorg
 19558 | Lair:6   | Noticed Josephine
 19564 | Lair:5   | Gained mutation: Your large and strong wings let you fly indefinitely. [Gargoyle growth]
 19564 | Lair:5   | Reached XP level 14. HP: 86/92 MP: 18/18
 19621 | Lair:6   | Killed Josephine
 19621 | Lair:6   | Reached skill level 15 in Axes
 20803 | Lair:6   | Reached skill level 16 in Axes
 21866 | Orc:1    | Entered Level 1 of the Orcish Mines
 21877 | Orc:1    | Received a gift from Trog
 22001 | Orc:1    | Found Kimapalo's Distillery.
 22019 | Orc:1    | Bought a potion of cancellation for 112 gold pieces
 22468 | Orc:2    | Entered Level 2 of the Orcish Mines
 22669 | Orc:2    | Found a staircase to the Elven Halls.
 23151 | Orc:2    | Noticed an orc warlord
 23178 | Orc:1    | Killed an orc warlord
 23822 | Orc:2    | Reached skill level 17 in Axes
 24179 | Orc:2    | Reached XP level 15. HP: 89/96 MP: 19/19
 24444 | Orc:2    | Found Zitaom's Gadget Shoppe.
 24444 | Orc:2    | Found Obublopn's Book Shoppe.
 24445 | Orc:2    | Found Pyapriotesk's Antique Weapon Emporium.
 24445 | Orc:2    | Found Selam's Antique Weapon Shoppe.
 24746 | D:7      | Bought a small zirconium amulet for 140 gold pieces
 24751 | D:7      | Bought a short silver wand for 112 gold pieces
 24773 | D:9      | Bought a scroll of magic mapping for 108 gold pieces
 24838 | Orc:1    | Bought a potion of ambrosia for 112 gold pieces
 24838 | Orc:1    | Bought a potion of heal wounds for 70 gold pieces
 24838 | Orc:1    | Bought a potion of heal wounds for 70 gold pieces
 24838 | Orc:1    | Bought a potion of might for 56 gold pieces
 24838 | Orc:1    | Bought a potion of might for 56 gold pieces
 24838 | Orc:1    | Bought a potion of haste for 140 gold pieces
 24838 | Orc:1    | Bought a potion of haste for 140 gold pieces
 24838 | Orc:1    | Bought a potion of agility for 56 gold pieces
 25071 | D:12     | Noticed Psyche
 25076 | D:12     | Killed Psyche
 25562 | D:12     | Gained mutation: You are partially covered in icy blue scales. (AC +2) [mutagenic meat]
 25563 | D:12     | Gained mutation: You are robust. (+10% HP) [mutagenic meat]
 25668 | D:12     | Reached skill level 18 in Axes
 26125 | D:13     | Received a gift from Trog
 26208 | D:13     | Noticed Azrael
 26393 | D:13     | Noticed Maurice
 26411 | D:13     | Killed Maurice
 26589 | D:13     | Received a gift from Trog
 26878 | D:13     | Noticed Erolcha
 26890 | D:13     | Killed Erolcha
 26949 | D:13     | Killed Azrael
 27858 | D:14     | Found a runed door.
 27951 | D:14     | Found a gate to the Vaults.
 27966 | D:14     | Reached skill level 10 in Evocations
 28068 | D:14     | Found Ilumoic's Antique Weapon Boutique.
 28081 | D:14     | Received a gift from Trog
 28483 | D:14     | Reached XP level 16. HP: 29/111 MP: 23/23
 28487 | D:14     | Killed from afar by a crystal guardian

Vault maps used:
D:1:      dpeg_cavernosity
D:2:      nicolae_overflow_crystal_walls, hangedman_decor_growths, uniq_jessica,
          uniq_sigmund, uniq_natasha
D:3:      bloody_makhleb, zin_statuary, nemelex_altar_shiori
D:4:      kennysheep_mini, old_standard_altar, xom_teletrap_fun,
          minmay_temple_entry_nine_rooms, serial_shops, shop,
          grunt_decor_one_mirror, uniq_grinder, uniq_edmund
D:5:      vehumet_crystals, first_bread, minmay_small_thing
D:6:      nicolae_overflow_hidden_temple, cheibrodos_sewer_entry_sluice,
          basic_altar, lemuel_statue_altar
D:7:      slow_altar_1, serial_shops, nicolae_shop_stone
D:8:      kiku_gazebo_garden_becter, overflow_temple_1_default,
          nicolae_ru_awakened_eye
D:9:      corexii_shack_village, basic_altar, serial_shops, shop_statue
D:10:     minmay_evil_grid
D:11:     david_lair_generic, david_orc_3, lab_entry_generic, hangedman_ranch,
          uniq_sonja
D:12:     uniq_psyche
D:13:     serial_glass, glass_columns_b, glass_columns_c, uniq_erolcha,
          uniq_azrael, uniq_maurice
D:14:     erik_vaults_1, serial_shops, nicolae_shop_statue_plus,
          serial_bayou_pond_e, minmay_crystal_box
Lair:1:   uniq_fannar
Lair:2:   elwin_shoals_entry_stream
Lair:4:   dummy_snake_entry
Lair:5:   slime_dummy, beast_lair_carwin_8
Lair:6:   minmay_lair_end_enchanted_forest, uniq_snorg, uniq_josephine
Orc:1:    serial_shops, shop
Orc:2:    st_orc_pillars
Lab:      labyrinth_hidden_loot, nicolae_lab_statue, labyrinth_lava_lair,
          nicolae_lab_swirl
Sewer:    sewer_minmay_treatment

Skill      XL: |  1  2  3  4  5  6  7  8  9 10 11 12 13 14 15 |
---------------+----------------------------------------------+-----
Axes           | 3 4 6 7 8 10 12 14 17 18 | 18.0
Fighting       | 7 10 12 | 12.0
Armour         | 7 10 12 | 12.5
Evocations     | 6 10 | 10.4
Dodging        | |  1.5

Action                   |  1- 3 |  4- 6 |  7- 9 | 10-12 | 13-15 | 16-18 || total
-------------------------+-------+-------+-------+-------+-------+-------++-------
Melee: Hand axe          |   145 |   110 |       |     7 |    13 |       ||   275
       Battleaxe         |       |    29 |   547 |   763 |   802 |       ||  2141
       Broad axe         |       |       |       |       |   555 |     4 ||   559
       War axe           |       |       |       |       |    32 |       ||    32
Invok: Berserk           |     2 |     2 |     8 |    16 |    19 |       ||    47
       Trog's Hand       |     1 |       |     3 |     4 |    11 |       ||    19
       Burn Spellbooks   |       |       |     2 |     2 |     3 |       ||     7
       Brothers in Arms  |       |       |       |     6 |     4 |       ||    10
 Abil: Fly               |       |       |       |       |     1 |       ||     1
Evoke: Wand              |       |       |       |     2 |     3 |       ||     5
       Lightning rod     |       |       |       |       |     4 |       ||     4
  Use: Scroll            |       |       |    18 |    12 |     6 |       ||    36
       Potion            |       |       |     1 |       |       |       ||     1
  Eat: Chunk             |     1 |     5 |    28 |    36 |    62 |       ||   132
       Bread ration      |     1 |       |       |       |       |       ||     1
       Royal jelly       |       |       |     3 |     1 |     5 |       ||     9
       Meat ration       |       |       |       |     1 |       |       ||     1
       Fruit             |       |       |       |     1 |       |       ||     1
Armor: Animal skin       |    51 |    10 |       |       |       |       ||    61
       Scale mail        |       |    74 |    64 |       |       |       ||   138
       Plate armour      |       |       |   363 |   684 |  1071 |     1 ||  2119
       Chain mail        |       |       |       |       |    61 |       ||    61
Dodge: Dodged            |   111 |    93 |   249 |   314 |   514 |     2 ||  1283
       Deflected         |       |       |       |    20 |     9 |       ||    29
